 Dungeon Crawl Stone Soup version 0.25-a0-782-g655279ceaa (webtiles) character file.

Game seed: 5878548128747522185, levelgen mode: deterministic

1980 Esekla the Slasher (level 9, -2/46 HPs)
             Began as a Vine Stalker Abyssal Knight on Apr 16, 2020.
             Was an Elder of Lugonu.
             Slain by an orc warrior
             ... wielding a +1 glaive of flaming
              (12 damage)
             ... on level 6 of the Dungeon on Apr 17, 2020.
             The game lasted 00:54:13 (5573 turns).

Esekla the Slasher (Vine Stalker Abyssal Knight)    Turns: 5573, Time: 00:54:13

Health: -2/46      AC:  9    Str: 15    XL:     9   Next: 20%
Magic:  0/15       EV: 11    Int: 15    God:    Lugonu [****..]
Gold:   416        SH:  0    Dex: 12    Spells: 12/15 levels left

rFire    . . .     SeeInvis +   a - +5 falchion
rCold    . . .     Gourm    .   (no shield)
rNeg     . . .     Faith    .   e - +0 ring mail {rPois}
rPois    +         Spirit   +   (helmet restricted)
rElec    .         Reflect  .   (no cloak)
rCorr    .         Harm     .   (no gloves)
MR       +....                  f - +0 pair of boots
Stlth    +.........             (no amulet)
HPRegen  0.55/turn              p - ring of see invisible
MPRegen  0.14/turn              o - +1 ring of protection

@: no status effects
A: fangs 3, horns 1, molten scales 1, clumsy 1, regeneration 1, evolution 1,
magic shield, antimagic bite, no potion heal 3, rot immunity
a: Depart the Abyss, Bend Space, Banish, Corrupt, Renounce Religion


You were on level 6 of the Dungeon.
You worshipped Lugonu.
Lugonu was greatly pleased with you.
You were hungry.

You visited 1 branch of the dungeon, and saw 6 of its levels.
You visited the Abyss 1 time.
You also visited: Ossuary.

You collected 416 gold pieces.

Inventory:

Hand Weapons
 a - a +5 falchion (weapon)
 g - the +3 hunting sling of the Absolute Madman {venom, MR+ Str+3 Int+3}
   (You found it on level 5 of the Dungeon)

   It poisons the ammo it fires.
   It affects your strength (+3).
   It affects your intelligence (+3).
   It affects your resistance to hostile enchantments.
Missiles
 l - 23 poisoned darts (quivered)
Armour
 b - a +0 leather armour
 e - a +0 ring mail of poison resistance (worn)
 f - a +0 pair of boots (worn)
Jewellery
 j - an uncursed ring of flight
 o - a +1 ring of protection (right hand)
 p - a ring of see invisible (left hand)
 r - an uncursed ring of teleportation
Wands
 u - a wand of paralysis (8)
 x - a wand of disintegration (16)
 y - a wand of polymorph (7)
 G - a wand of random effects (19)
Scrolls
 d - 3 scrolls of teleportation {unknown}
 t - 3 scrolls of amnesia
 v - 4 scrolls of fog {unknown}
 w - 2 scrolls of identify
 z - a scroll of blinking
 B - a scroll of noise {unknown}
 C - a scroll of vulnerability {unknown}
 D - a scroll of silence {unknown}
 E - a scroll of holy word {unknown}
Potions
 h - 2 potions of stabbing
 i - a potion of haste
 k - 3 potions of flight
 m - 3 potions of curing {unknown}
 n - a potion of invisibility {unknown}
 q - a potion of mutation
 s - 3 potions of might
 A - a potion of magic {unknown}
Comestibles
 c - 15 rations


   Skills:
 + Level 4.4 Fighting
 * Level 7.4 Long Blades
 + Level 1.8 Throwing
 + Level 3.3 Armour
 + Level 1.9 Dodging
 * Level 3.5 Spellcasting
 * Level 4.2 Conjurations
 + Level 2.1 Invocations


You had 12 spell levels left.
You knew the following spells:

 Your Spells              Type           Power        Failure   Level  Hunger
a - Magic Dart            Conj           ###.         7%          1    None
b - Searing Ray           Conj           ###...       10%         2    ##.....

Your spell library contained the following spells:

 Spells                   Type           Power        Failure   Level  Hunger
 Dazzling Flash           Conj/Hex       #.....       43%         3    ###....
 Fulminant Prism          Conj/Hex       #.........   83%         4    ####...
 Iskenderun's Mystic Bla  Conj/Tloc      #.......     83%         4    ####...


Dungeon Overview and Level Annotations

Branches:
Dungeon (6/15)            Ossuary (visited)
 Temple: D:4-7

Altars:
Zin


Innate Abilities, Weirdness & Mutations

You have razor-sharp teeth.
Your natural rate of healing is unusually fast.
When hurt, damage is shared between your health and your magic reserves.
Your bite disrupts and absorbs the magic of your enemies.
Potions cannot restore your health.
You are immune to rotting.
You have a pair of small horns on your head.
You are partially covered in molten scales. (AC +2)
You are clumsy. (Dex -2)
You evolve.


Message History

Casting: Searing Ray (safe; 10% risk of failure)
Confirm with . or Enter, or press ? or * to list all spells.
Aiming: Searing Ray (safe; 10% risk of failure)
Press: ? - help, Shift-Dir - straight line, f - orc wizard, p - orc warrior
Aim: an orc wizard, wielding a +0 dagger and wearing a +0 robe The searing ray hits the orc warrior.
The orc warrior is almost dead.
The searing ray hits the orc!
You kill the orc!
Lugonu accepts your kill. (Press . to maintain the ray.)
The orc warrior hits you with a +1 glaive of flaming!
The orc warrior burns you!
* * * LOW HITPOINT WARNING * * *
The orc wizard casts a spell.
The orc wizard blinks!
The searing ray hits the orc warrior but does no damage.
The orc warrior is almost dead.
The orc warrior hits you with a +1 glaive of flaming!
You die...

.....#.#.#######.#
.....>...........#
.....#.#####.###.#
.#####.# #.# #.#
.+.....#####'###(#
.#######.......#.#
.# #.......#.# .#
#.......#)# .#
#.......#@# ##
######+##o+ #####
#(# #.#.# #)#
#'#'# #o# ..'.#
..# ..### #.(#
..'.# #..# #'###
#.>#


You could see an orc warrior and an orc wizard.

Vanquished Creatures
  Grinder (D:5)
  2 ice beasts (D:5)
  2 phantoms (D:4)
  An orc warrior (D:5)
  An ogre (D:3)
  A centaur (D:6)
  An elf zombie (Ossuary)
  An elf skeleton (D:6)
  A scorpion (D:6)
  A howler monkey (D:5)
  3 centaur zombies (Ossuary)
  A crimson imp (D:5)
  A centaur skeleton (D:4)
  A jelly (D:5)
  2 bullfrog skeletons
  An orc priest (D:6)
  A gnoll shaman (D:5)
  A human zombie (D:6)
  2 human skeletons (D:6)
  2 worker ants
  2 ogre zombies (Ossuary)
  6 mummies (Ossuary)
  15 gnolls
  10 adders
  A howler monkey skeleton (D:5)
  A shadow imp (D:6)
  An ooze (D:5)
  6 adder zombies (Ossuary)
  3 worms
  5 leopard geckos
  13 orcs
  A giant cockroach (D:5)
  2 goblins (D:2)
  4 hobgoblins
  18 jackals
  9 kobolds
  4 quokkas
  2 ball pythons
  7 bats
  7 frilled lizards
  3 gnoll zombies (Ossuary)
  A goblin zombie (Ossuary)
  2 hobgoblin zombies (Ossuary)
  2 kobold zombies (Ossuary)
  2 orc skeletons (D:6)
  6 quokka zombies (Ossuary)
  8 rats
  4 rat zombies (Ossuary)
172 creatures vanquished.

Notes
Turn   | Place    | Note
-------+----------+-------------------------------------------
     0 | Abyss:1  | Esekla the Vine Stalker Abyssal Knight began the quest for
                  | the Orb.
     0 | Abyss:1  | Reached XP level 1. HP: 11/11 MP: 3/3
    51 | Abyss:2  | Noticed a large abomination
    61 | Abyss:2  | Found a corrupted altar of Lugonu.
    69 | D:1      | Escaped the Abyss
   271 | D:1      | Reached XP level 2. HP: 14/16 MP: 2/4
   276 | D:1      | Reached skill level 2 in Long Blades
   334 | D:1      | Learned a level 1 spell: Magic Dart
   436 | D:2      | Reached * piety under Lugonu
   768 | D:2      | Reached XP level 3. HP: 20/20 MP: 5/5
  1477 | D:2      | Gained mutation: Your natural rate of healing is unusually
                  | fast. [Vine Stalker growth]
  1477 | D:2      | Reached XP level 4. HP: 22/24 MP: 4/6
  1514 | D:2      | Learned a level 2 spell: Searing Ray
  1716 | D:3      | Reached ** piety under Lugonu
  1815 | D:3      | Reached skill level 3 in Long Blades
  2237 | D:3      | Reached skill level 1 in Spellcasting
  2237 | D:3      | Reached XP level 5. HP: 28/28 MP: 5/7
  2238 | D:3      | Reached skill level 1 in Dodging
  2684 | D:4      | Reached skill level 1 in Conjurations
  2694 | D:4      | Got a translucent leather armour
  2695 | D:4      | Noticed an ogre
  2722 | D:3      | Identified the +0 leather armour "Fasmiathuu" {Int+4 Dex+7
                  | Slay-5} (You found it on level 4 of the Dungeon)
  2746 | D:3      | Killed an ogre
  2746 | D:3      | Reached XP level 6. HP: 9/32 MP: 3/9
  2888 | D:4      | Noticed a phantom
  2937 | D:4      | Killed a phantom
  2937 | D:4      | Reached skill level 4 in Long Blades
  3341 | D:5      | Entered Level 5 of the Dungeon
  3345 | D:5      | Noticed a phantom
  3366 | D:4      | Killed a phantom
  3366 | D:4      | Reached skill level 1 in Throwing
  3366 | D:4      | Reached XP level 7. HP: 36/36 MP: 7/11
  3479 | D:5      | Reached *** piety under Lugonu
  3517 | D:5      | Noticed Grinder
  3533 | D:5      | Killed Grinder
  3533 | D:5      | Reached skill level 5 in Long Blades
  3596 | D:5      | Gained mutation: You have razor-sharp teeth. [Vine Stalker
                  | growth]
  3596 | D:5      | Reached XP level 8. HP: 35/42 MP: 10/12
  3770 | D:5      | Found a glowing silver altar of Zin.
  3866 | D:5      | Reached skill level 6 in Long Blades
  4203 | D:5      | Got a fine hunting sling
  4418 | D:6      | Found a sand-covered staircase.
  4430 | Ossuary  | Entered an ossuary
  4661 | Ossuary  | Reached **** piety under Lugonu
  4870 | Ossuary  | Identified the cursed +3 hunting sling of the Absolute
                  | Madman {venom, MR+ Str+3 Int+3} (You found it on level 5 of
                  | the Dungeon)
  4939 | D:6      | Reached XP level 9. HP: 41/45 MP: 12/14
  4955 | D:6      | Reached skill level 7 in Long Blades
  5040 | D:6      | Gained mutation: You are somewhat resistant to further
                  | mutation. [potion of mutation]
  5041 | D:6      | Lost mutation: You are somewhat resistant to further
                  | mutation. [potion of mutation]
  5041 | D:6      | Gained mutation: You are frail. (-10% HP) [potion of
                  | mutation]
  5041 | D:6      | Gained mutation: Your muscles are strong. (Str +2) [potion
                  | of mutation]
  5041 | D:6      | Gained mutation: You are partially covered in molten
                  | scales. (AC +2) [potion of mutation]
  5042 | D:6      | Lost mutation: You are frail. (-10% HP) [potion of
                  | mutation]
  5042 | D:6      | Lost mutation: Your muscles are strong. (Str +2) [potion of
                  | mutation]
  5042 | D:6      | Gained mutation: You evolve. [potion of mutation]
  5042 | D:6      | Gained mutation: You are clumsy. (Dex -2) [potion of
                  | mutation]
  5042 | D:6      | Gained mutation: You have a pair of small horns on your
                  | head. [potion of mutation]
  5573 | D:6      | Slain by an orc warrior

Levels and vault maps discovered:
D:1:      scummos_arrival_checkerplants, layout_basic, chequers_arboretum
D:2:      layout_basic
D:3:      layout_loops_corners
D:4:      layout_cave_pools, first_ration
D:5:      layout_cave_pods, lemuel_coloured_pillars_altar, uniq_grinder
D:6:      layout_basic, nicolae_ossuary_entry_catacombs, uniq_crazy_yiuf_cottage

Skill      XL: |  1  2  3  4  5  6  7  8  9 |
---------------+----------------------------+-----
Fighting       | 3 4 |  4.4
Long Blades    | 2 3 4 5 6 7 |  7.4
Invocations    | 2 |  2.1
Armour         | 2 3 |  3.3
Spellcasting   | 1 2 3 |  3.5
Dodging        | 1 |  1.9
Conjurations   | 1 2 4 |  4.2
Throwing       | 1 |  1.8

Action                   |  1- 3 |  4- 6 |  7- 9 || total
-------------------------+-------+-------+-------++-------
Melee: Falchion          |    90 |   145 |   268 ||   503
       Bite              |    24 |    40 |    93 ||   157
       Headbutt          |       |       |     5 ||     5
Throw: Dart              |     2 |    21 |    37 ||    60
 Cast: Magic Dart        |     9 |    16 |     6 ||    31
       Searing Ray       |       |     3 |    15 ||    18
Invok: Depart the Abyss  |     1 |       |       ||     1
       Bend Space        |       |     1 |     3 ||     4
  Use: Scroll            |     5 |    10 |     3 ||    18
       Potion            |       |       |     4 ||     4
  Eat: Chunk             |     1 |     8 |     5 ||    14
       Ration            |       |       |     1 ||     1
Armor: Ring mail         |    31 |    59 |    62 ||   152
Dodge: Dodged            |    57 |    87 |   100 ||   244
       Rpst.: Falchion   |    20 |    37 |    35 ||    92

Table legend:
 A = Non-vault XP
 B = Vault XP
 C = Vault XP percentage of total XP
 D = Non-vault monster count
 E = Vault monster count
 F = Vault count percentage of total count
                 A         B        C        D         E       F
            +---------+---------+-------+---------+---------+-------
      Total |    1902 |     927 |  32.8 |     129 |      43 |  25.0
            +---------+---------+-------+---------+---------+-------
        D:1 |      25 |       0 |   0.0 |      16 |       0 |   0.0
        D:2 |      59 |       0 |   0.0 |      21 |       0 |   0.0
        D:3 |     230 |       0 |   0.0 |      26 |       0 |   0.0
        D:4 |     440 |       0 |   0.0 |      21 |       0 |   0.0
        D:5 |     754 |     281 |  27.1 |      26 |       1 |   3.7
        D:6 |     394 |     200 |  33.7 |      19 |       6 |  24.0
    Ossuary |       0 |     446 | 100.0 |       0 |      36 | 100.0
            +---------+---------+-------+---------+---------+-------
